AoeStats
← Stivigi

Arena

510077832Analyzed
3v3 RM · 4d ago on Sep 29, 2026· 48m 25s· 6 players
Game mode
Random Map
Map size
Normal (6 player)
Population
200
Speed
Normal
Resources
Standard
Victory
Conquest
Starting age
Dark Age
Ending age
Imperial Age
RankedLock teamsTeams togetherTeam positionsShared explorationLock speedFull tech treeHidden civsTurbo modeCheats
Victory
Defeat
🇸🇪 Sicilians · Sweden
1083
+14
🇱🇧 Chinese · Lebanon
1065
+15
🇦🇺 Vietnamese · Australia
1052
+16
🇨🇳 Franks · China
1053
-15
🇹🇼 Britons · Taiwan
1051
-15
🇨🇳 Portuguese · China
1039
-15
吾好梦中奸人
11:45 Feudal Age
15:57 Castle Age
17:32 Double-Bit Axe
19:15 Loom
21:30 Wheelbarrow
21:35 Bow Saw
24:06 Hand Cart
25:58 Gold Mining
30:01 Imperial Age
28:05 Forging
28:08 Husbandry
28:20 Stone Mining
29:09 Gold Shaft Mining
28:46 Scale Barding Armor
29:49 Iron Casting
30:38 Chain Barding Armor
30:17 Cavalier
33:28 Blast Furnace
35:12 Paladin
37:13 Plate Barding Armor
36:29 Fletching
38:45 Conscription
41:18 Bodkin Arrow
41:26 Padded Archer Armor
42:43 Leather Archer Armor
41:57 Elite Skirmisher
45:25 Pikeman
46:05 Squires
46:07 Scale Mail Armor
47:33 Chain Mail Armor
時雨月華
0:35 Loom
11:11 Feudal Age
16:33 Castle Age
14:42 Double-Bit Axe
14:49 Horse Collar
18:48 Gold Mining
23:44 Imperial Age
21:36 Heavy Plow
23:09 Bow Saw
24:43 Wheelbarrow
26:04 Chemistry
24:40 Pikeman
25:08 Arson
26:18 Halberdier
30:26 Ballistics
31:54 Hand Cart
32:13 Siege Engineers
37:33 Two-Man Saw
37:22 Conscription
39:13 Padded Archer Armor
39:03 Fletching
39:40 Elite Skirmisher
40:25 Thumb Ring
41:45 Fortified Wall
41:57 Block Printing
42:05 Bodkin Arrow
42:25 Leather Archer Armor
銀
9:58 Feudal Age
12:16 Double-Bit Axe
16:13 Castle Age
14:24 Gold Mining
14:27 Stone Mining
16:00 Gold Mining
17:09 Horse Collar
17:43 Bow Saw
21:01 Heavy Plow
28:58 Imperial Age
27:05 Padded Archer Armor
26:56 Fletching
27:59 Gold Shaft Mining
28:19 Yeomen
29:10 Wheelbarrow
28:42 Bodkin Arrow
29:21 Ballistics
29:31 Fortified Wall
30:04 Conscription
30:36 Bracer
31:31 Hand Cart
32:47 Chemistry
33:00 Elite Longbowman
34:59 Siege Engineers
35:11 Leather Archer Armor
36:53 Ring Archer Armor
38:24 Light Cavalry
39:05 Husbandry
39:18 Forging
39:14 Scale Barding Armor
47:18 Scale Barding Armor
47:49 Iron Casting
s
10:37 Feudal Age
11:31 Double-Bit Axe
11:27 Horse Collar
17:42 Castle Age
16:28 Stone Mining
17:21 Loom
18:12 Wheelbarrow
18:33 Bow Saw
18:24 Heavy Plow
23:11 Gold Mining
28:26 Hand Cart
31:35 Imperial Age
29:16 Fletching
29:26 Padded Archer Armor
31:41 Bodkin Arrow
31:49 Padded Archer Armor
32:16 Heavy Mounted Crossbowman
32:21 Cranequins
34:07 Husbandry
34:17 Bloodlines
34:59 Ballistics
35:40 Chemistry
35:09 Conscription
35:10 Bracer
35:25 Leather Archer Armor
35:47 Gold Shaft Mining
37:34 Stone Shaft Mining
AcoinOZ
11:24 Feudal Age
16:24 Castle Age
14:35 Double-Bit Axe
15:19 Horse Collar
16:21 Gold Mining
19:06 Wheelbarrow
18:48 Bow Saw
19:14 Stone Mining
25:20 Elite Skirmisher
30:18 Imperial Age
28:20 Padded Archer Armor
28:10 Fletching
28:36 Fortified Wall
29:48 Husbandry
29:58 Bloodlines
29:56 Scale Barding Armor
31:01 Imperial Skirmisher
31:47 Thumb Ring
31:41 Bodkin Arrow
32:04 Leather Archer Armor
32:16 Heavy Plow
34:58 Chemistry
34:19 Ballistics
34:42 Chain Barding Armor
34:33 Forging
35:15 Bracer
35:52 Ring Archer Armor
35:23 Bracer
37:19 Iron Casting
38:28 Two-Man Saw
38:48 Crop Rotation
38:59 Plate Barding Armor
40:05 Elite Battle Elephant
42:41 Loom
43:25 Caravan
44:48 Hand Cart
46:53 Paper Money
46:42 Chatras
Stivigi
0:37 Loom
10:40 Feudal Age
15:02 Castle Age
13:20 Double-Bit Axe
14:56 Horse Collar
15:08 Gold Mining
15:58 Bow Saw
20:07 Town Watch
20:19 Gold Mining
23:03 Wheelbarrow
30:43 Imperial Age
29:02 Hand Cart
28:56 Stone Mining
29:42 Gold Shaft Mining
29:09 Heavy Plow
29:35 Ballistics
29:18 Elite Skirmisher
29:50 Fletching
30:01 Padded Archer Armor
30:09 Thumb Ring
31:48 Leather Archer Armor
31:28 Bodkin Arrow
32:36 Chemistry
33:24 Ring Archer Armor
33:45 Imperial Skirmisher
34:27 Bracer
34:50 Conscription
34:16 Capped Ram
35:49 Rocketry
35:54 Siege Ram
39:50 Pikeman
40:31 Squires
40:41 Scale Mail Armor
41:54 Chain Mail Armor
41:49 Forging
41:25 Halberdier
43:19 Plate Mail Armor
Connection lost

Rejoining the realm…

Still unreachable

The connection could not be restored.

Session expired

The server has moved on; the page needs a fresh start.